 Dungeon Crawl Stone Soup version 0.32-a0-798-gfa783ce77f (webtiles) character file.

Game seed: 10619810383945488708

317 Ajdolov the Trooper (level 6, -5/56 HPs)
             Began as an Armataur Fighter on Mar 21, 2024.
             Slain by Pikel
             ... wielding a +1 whip of electrocution
              (15 damage)
             ... on level 4 of the Dungeon.
             The game lasted 00:03:36 (2858 turns).

Ajdolov the Trooper (Armataur Fighter)              Turns: 2858, Time: 00:03:37

Health: -5/56      AC:  9    Str: 24    XL:     6   Next: 20%
Magic:  6/6        EV:  5    Int:  8    God:
Gold:   138        SH:  4    Dex:  9    Spells: 5/5 levels left

rFire   . . .        a - +0 flail
rCold   . . .        c - +0 buckler
rNeg    . . .        l - +0 chain mail
rPois   .            (no helmet)
rElec   .            o - +0 cloak
rCorr   .            (no gloves)
SInv    .            (no barding)
Will    .....        (no amulet) Stlth
                     (no ring)
HPRegen 0.29/turn    (no ring)
MPRegen 0.10/turn

%: roll
@: mighty
A: large, deformed body, tough skin 3, armoured tail, rollpage 1
a: no special abilities


You were on level 4 of the Dungeon.
You visited 1 branch of the dungeon, and saw 4 of its levels.

You collected 138 gold pieces.

Inventory:

Hand Weapons
 a - a +0 flail (weapon)
Missiles
 i - 5 boomerangs (quivered)
Armour
 c - a +0 buckler (worn)
 l - a +0 chain mail (worn)
 o - a +0 cloak (worn)
Scrolls
 b - a scroll of vulnerability {unknown}
 e - 4 scrolls of identify {unknown}
 f - a scroll of blinking {unknown}
 g - 4 scrolls of enchant weapon {unknown}
 h - a scroll of amnesia {unknown}
 j - 2 scrolls of teleportation {unknown}
 k - 3 scrolls of fear {unknown}
 m - a scroll of enchant armour {unknown}
 n - a scroll of butterflies {unknown}
 p - a scroll of noise {unknown}
 s - a scroll of immolation {unknown}
 t - a scroll of fog {unknown}
Potions
 d - a potion of might
 q - a potion of heal wounds {unknown}
 r - a potion of haste {unknown}
 u - a potion of degeneration {unknown}


   Skills:
 - Level 5.0 Fighting
 + Level 4.3 Maces & Flails
 - Level 3.6 Armour
 - Level 3.2 Shields


You had 5 spell levels left.
You didn't know any spells.
Your spell library contained the following spells:

 Spells                   Type           Power      Damage    Failure   Level
 Slow                     Hex            0%         N/A       96%         1
 Confusing Touch          Hex            0%         N/A       100%        3
 Summon Ice Beast         Ice/Summ       0%         N/A       100%        3
 Vampiric Draining        Necr           0%         2d6       100%        3
 Summon Mana Viper        Hex/Summ       0%         N/A       100%        5
 Monstrous Menagerie      Summ           0%         N/A       100%        7


Dungeon Overview and Level Annotations

Branches:
Dungeon (4/15)
 Temple: D:4-7

Altars:
Elyvilon
Yredelemnul

Annotations:
D:4 Pikel


Innate Abilities, Weirdness & Mutations

Armour fits poorly on your strangely shaped body.
You have extremely tough skin. (AC +3)
You have a long armoured tail.
You regenerate magic when rolling toward enemies. (Rampage MPRegen)


Message History

The lemure shouts!
The lemure moves out of view.
A lemure comes into view.
You feel very mighty all of a sudden.
The lemure shouts!
Pikel hits you with a +1 whip of electrocution.
You sock Pikel!
Pikel is lightly wounded.
The lemure hits you but does no damage. Pikel barely misses you.
The lemure hits you.
Unknown command.
You barely miss Pikel.
Pikel is lightly wounded.
Pikel barely misses you. You block the lemure's attack.
You block Pikel's attack.
You closely miss Pikel.
Pikel is lightly wounded.
Pikel hits you with a +1 whip of electrocution.
You are electrocuted!
Unknown command.
You closely miss Pikel.
Pikel is lightly wounded.
The lemure hits you but does no damage. The lemure hits you.
Pikel hits you with a +1 whip of electrocution.
You thump Pikel!
Pikel is heavily wounded.
The lemure hits you. You block the lemure's attack.
Pikel hits you but does no damage.
You barely miss Pikel.
Pikel is heavily wounded.
The lemure hits you but does no damage.
Pikel hits you with a +1 whip of electrocution.
The lemure closely misses you. The lemure hits you but does no damage.
The lemure hits you!
* * * LOW HITPOINT WARNING * * *
Pikel hits you with a +1 whip of electrocution.
* * * LOW HITPOINT WARNING * * *
You are electrocuted!
You die...
Pikel says, "Another soul for the market."

#.##<###...#######
#######.#.#.............
.............###########
.######......##
#........).#
#.##.......# # #.......#
#K##.##.# #@##.##.#
#55.....# ##...#.<#
#.###). #.# .# #.# .#
... # ###


You could see Pikel and 2 lemures.

Vanquished Creatures
  Sigmund (D:3)
  2 lemures (D:3)
  A jelly (D:3)
  3 adders (D:3)
  2 ribbon worms
  A dart slug (D:2)
  An orc (D:3)
  7 endoplasms
  4 giant cockroaches
  5 goblins
  6 hobgoblins
  6 jackals (D:2)
  3 quokkas
  6 ball pythons
  6 bats
  A frilled lizard (D:3)
  4 kobolds
  9 rats
  A spectral kobold (D:2)
69 creatures vanquished.

Notes
Turn   | Place    | Note
-------+----------+-------------------------------------------
     0 | D:1      | Ajdolov the Armataur Fighter began the quest for the Orb.
     0 | D:1      | Reached XP level 1. HP: 18/18 MP: 1/1
    86 | D:1      | Reached skill level 3 in Fighting
   176 | D:1      | Reached XP level 2. HP: 26/26 MP: 2/2
   576 | D:2      | Found a faded altar of an unknown god.
   665 | D:2      | Reached XP level 3. HP: 33/33 MP: 3/3
   684 | D:2      | Found a white marble altar of Elyvilon.
   814 | D:2      | Reached skill level 4 in Fighting
  1368 | D:3      | Found a basalt altar of Yredelemnul.
  1429 | D:3      | Reached XP level 4. HP: 41/41 MP: 4/4
  1689 | D:3      | Reached skill level 5 in Fighting
  1752 | D:3      | Reached XP level 5. HP: 48/48 MP: 5/5
  2197 | D:3      | Noticed Sigmund
  2219 | D:3      | Killed Sigmund
  2220 | D:3      | Reached XP level 6. HP: 39/56 MP: 6/6
  2842 | D:4      | Noticed Pikel
  2858 | D:4      | Slain by Pikel

Illustrated notes

Levels and vault maps discovered:
D:1:      mainiacjoe_arrival_reflecting_pool, layout_basic
D:2:      layout_loops_ring, dreamdust_ecumenical_altar_drowned_temple,
          basic_altar, ebering_dispersal_statue_hall
D:3:      layout_basic, mainiacjoe_overflow_six_doors_small, minivault_5,
          minmay_fractal_squares_diagonal_5, uniq_sigmund
D:4:      layout_loops_ring, lemuel_mausoleum_altar_kikubaaqudgha, uniq_pikel

Skill      XL: |  1  2  3  4  5 |
---------------+----------------+-----
Fighting       | 3 4 5 |  5.0
Maces & Flails | 2 4 |  4.3
Armour         | |  3.6
Shields        | |  3.2

Action                     |  1- 3 |  4- 6 || total
---------------------------+-------+-------++-------
  Melee: Flail             |   105 |   107 ||   212
         Tailslap          |    12 |    12 ||    24
  Throw: Throwing net      |       |     1 ||     1
    Use: Potion            |       |     1 ||     1
 Armour: Scale mail        |    22 |       ||    22
         Chain mail        |    65 |    91 ||   156
  Dodge: Dodged            |    26 |    23 ||    49
  Block: Buckler           |    15 |    20 ||    35

Table legend: (Time is in decaauts)
 A = Elapsed time spent in this place.
 B = Non-inter-level travel time spent in this place.
 C = Inter-level travel time spent in this place.
 D = Time resting spent in this place.
 E = Time spent auto-exploring this place.
 F = Levels seen in this place.
 G = Mean time per level.
                   A        B        C        D        E       F      G
               +--------+--------+--------+--------+--------+-----+--------+
         Total |   2925 |   2848 |     77 |    171 |   2080 |   4 |  731.2 |
       Dungeon |   2925 |   2848 |     77 |    171 |   2080 |   4 |  731.2 |
               +--------+--------+--------+--------+--------+-----+--------+

Top non-repeatable levels by time:
     D:3: 1549 daAuts
     D:2: 766 daAuts
     D:1: 501 daAuts
     D:4: 108 daAuts
